 Dungeon Crawl Stone Soup version 0.18-a0-183-gad09a0e (webtiles) character file.

169 Raultor the Insei (level 5, 0/28 HPs)
             Began as a Vine Stalker Monk on Nov 23, 2015.
             Killed from afar by asdu's ghost (12 damage)
             ... with a stone arrow
             ... on level 4 of the Dungeon.
             The game lasted 00:08:51 (2425 turns).

Raultor the Insei (Vine Stalker Monk)               Turns: 2425, Time: 00:08:51

Health: 0/28       AC:  8    Str: 14    XL:     5   Next: 50%
Magic:  0/6        EV: 14    Int: 10    God:
Gold:   202        SH:  0    Dex: 17    Spells: 0 memorised, 4 levels left

rFire  . . .     SeeInvis .       - Unarmed
rCold  . . .     Clarity  .     a - +0 robe
rNeg   + . .     SustAt   .     (no shield)
rPois  .         Gourm    .     s - +0 helmet
rElec  .         Spirit   +     (no cloak)
rCorr  .         Warding  +     (no gloves)
rMut   .         Stasis   .     r - +0 pair of boots
MR     +....                    p - amulet of warding
Stlth  ++........               q - +4 ring of protection
                                u - ring of protection from magic

@: somewhat resistant to hostile enchantments, unstealthy
A: fangs 2, regeneration 1, magic shield, antimagic bite, no device heal 3, rot
immunity
a: no special abilities


You were on level 4 of the Dungeon.
You were not hungry.

You visited 1 branch of the dungeon, and saw 4 of its levels.

You collected 202 gold pieces.

Inventory:

Armour
 a - a +0 robe (worn)
 r - a +0 pair of boots (worn)
 s - a +0 helmet (worn)
Jewellery
 k - an uncursed ring of protection from fire
 p - an amulet of warding (around neck)
 q - a +4 ring of protection (right hand)
 u - a ring of protection from magic (left hand)
Scrolls
 e - a scroll of enchant armour {unknown}
 f - 3 scrolls of identify
 j - a scroll of magic mapping
 l - a scroll of amnesia {unknown}
 m - a scroll of recharging {unknown}
 n - 2 scrolls of noise {unknown}
 w - a scroll of random uselessness {unknown}
Potions
 d - 2 potions of curing {unknown}
 g - a potion of cure mutation {unknown}
 h - a potion of cancellation {unknown}
 t - 2 potions of might {unknown}
 v - a potion of haste {unknown}
Comestibles
 b - 2 bread rations
 c - 2 chunks of flesh
 i - 3 fruits
 o - 3 meat rations


   Skills:
 + Level 3.5 Fighting
 + Level 3.5 Dodging
 - Level 2.4 Stealth
 * Level 5.2 Unarmed Combat


You had 4 spell levels left.
You didn't know any spells.

Dungeon Overview and Level Annotations

Branches:
Dungeon (4/15)
 Temple: D:4-7

Altars:
Dithmenos
Elyvilon
Fedhas

Annotations:
D:4 asdu's ghost, weakling DDEE


Innate Abilities, Weirdness & Mutations

You have extremely sharp teeth.
Your natural rate of healing is unusually fast.
When hurt, damage is shared between your health and your magic reserves.
Your bite disrupts and absorbs the magic of your enemies.
Potions and wands cannot restore your health.
You are immune to rotting.


Message History

You closely miss asdu's ghost.
Asdu's ghost is heavily damaged.
You hit asdu's ghost.
You bite asdu's ghost, but do no damage.
Asdu's ghost is heavily damaged.
Asdu's ghost closely misses you.
You hit asdu's ghost. Your bite misses asdu's ghost.
Asdu's ghost is severely damaged.
Asdu's ghost points at you and mumbles some strange words.
The stone arrow hits you!
You barely miss asdu's ghost. Your bite misses asdu's ghost.
Asdu's ghost is severely damaged.
Asdu's ghost closely misses you.
You barely miss asdu's ghost. You bite asdu's ghost.
Asdu's ghost's magic leaks into the air.
You drain its magic.
You feel invigorated.
Asdu's ghost is almost destroyed.
Asdu's ghost points at you and mumbles some strange words.
The stone arrow hits you!
You die...

########
##############
###......#
#............#
#........#
#.##########.#
#........# #@# #.#
####....#######W#####
#.#
+.......+.....[....>#
#.#
##......#........####
#.# #....###........#
#.#### #....#
#........# #...<#
###....####.......#
######
..........(.....).#
...##...)[).......#


You could see asdu's ghost.

Vanquished Creatures
  An orc wizard (D:2)
  2 orc priests (D:3)
  A worker ant (D:3)
  An adder (D:3)
  2 worms
  2 giant geckos
  5 orcs
  7 bats
  6 hobgoblins
  7 kobolds
  2 quokkas
  A giant cockroach (D:1)
  6 giant newts
  7 goblins
  4 jackals (D:1)
  A quokka skeleton (D:3)
  4 rats
59 creatures vanquished.

Vanquished Creatures (others)
  An ooze (D:3)
  2 orcs (D:3)
  A quokka (D:3)
4 creatures vanquished.

Grand Total: 63 creatures vanquished

Notes
Turn   | Place    | Note
--------------------------------------------------------------
     0 | D:1      | Raultor the Vine Stalker Monk began the quest for the Orb.
     0 | D:1      | Reached XP level 1. HP: 11/11 MP: 2/2
   292 | D:1      | Reached XP level 2. HP: 16/16 MP: 3/3
   724 | D:2      | Reached XP level 3. HP: 20/20 MP: 4/4
  1055 | D:2      | Found a shadowy altar of Dithmenos.
  1358 | D:2      | You fall through a shaft for 2 floors!
  1374 | D:4      | Noticed asdu's ghost (weakling DDEE)
  1388 | D:4      | Noticed a phantom
  1708 | D:3      | Reached XP level 4. HP: 20/24 MP: 5/5
  1895 | D:3      | Found a white marble altar of Elyvilon.
  2026 | D:3      | Reached skill level 5 in Unarmed Combat
  2041 | D:3      | Reached XP level 5. HP: 24/28 MP: 6/6
  2215 | D:3      | Found a blossoming altar of Fedhas.
  2425 | D:4      | Killed from afar by asdu's ghost

Vault maps used:
D:1:      dpeg_arrival_shrine, st_stairs_8
D:2:      first_bread, nicolae_dithmenos_shadow_blocks
D:3:      lemuel_doored_altar, elyvilon_altar_4

Action                   |  1- 3 |  4- 6 || total
-------------------------+-------+-------++-------
Melee: Unarmed           |   134 |    80 ||   214
  Use: Scroll            |     3 |       ||     3
 Stab: Sleeping          |     6 |     2 ||     8
       Distracted        |       |     1 ||     1
  Eat: Chunk             |     3 |     2 ||     5
